 Dungeon Crawl Stone Soup version 0.31-a0-844-gdc52ec4e09 (webtiles) character file.

Game seed: 866321233011601408

46790 DocSulfur the Marksdjinni (level 14, -2/90 HPs)
             Began as a Djinni Delver on Sept 28, 2023.
             Was the Champion of Okawaru.
             Slain by a blink frog (3 damage)
             ... on level 5 of the Lair of Beasts.
             The game lasted 00:51:54 (18157 turns).

DocSulfur the Marksdjinni (Djinni Delver)          Turns: 18157, Time: 00:51:55

Health: -2/90      AC: 11    Str: 14    XL:     14   Next: 78%
Gold:   748        EV: 19    Int: 17    God:    Okawaru [******] SH:  5 Dex: 19

rFire   + + +        O - +27 heavy crossbow "Sniper" {heavy, Acc+∞ SInv}
rCold   + . .        (shield currently unavailable)
rNeg    . . .        F - +0 leather armour "Ufoudyl" {rF+ rC++ Str+3 Stlth+}
rPois   ∞            N - +0 hat of Light {rElec}
rElec   +            a - +0 cloak
rCorr   .            u - +2 pair of gloves {hurl}
SInv    +            (boots unavailable)
Will    +....        Q - amulet "Fiynk" {Reflect Int+4 SH+5}
Stlth   ++++         s - +4 ring of protection
HPRegen 0.35/turn    J - ring of wizardry
MPRegen 0.00/turn

%: reflection, wizardry (x1), infuse magic (-3 HP)
@: flying
A: sickness immunity, fire resistance 2, cold vulnerability 1, float, innate
caster, HP casting, extra vitality 1
a: Renounce Religion, Heroism, Finesse, Duel


You were on level 5 of the Lair of Beasts.
You worshipped Okawaru.
Okawaru was exalted by your worship.
You visited 3 branches of the dungeon, and saw 18 of its levels.
You also visited: Gauntlet and Ice Cave.

You collected 1019 gold pieces.
You spent 271 gold pieces at shops.

Inventory:

Hand Weapons
 D - a +5 arbalest of flaming
 O - the +27 heavy crossbow "Sniper" (weapon) {heavy, Acc+∞ SInv}
   (Okawaru gifted it to you on level 3 of the Lair of Beasts)

   Acc+∞: It never misses its target.
   SInv:      It lets you see invisible.
Missiles
 b - 4 throwing nets
 e - 8 silver javelins
 y - 9 boomerangs
 A - 41 poisoned darts
 C - 5 javelins
 G - 4 curare-tipped darts
 T - an atropa-tipped dart
Armour
 a - a +0 cloak (worn)
 t - a +2 helmet
 u - a +2 pair of gloves of hurling (worn)
 B - the +0 ice dragon scales of Jujemyibigh {rF- rC++ Dex+3 SInv}
   (You found it in an ice cave)

   Dex+3:     It affects your dexterity (+3).
   rF-:       It makes you vulnerable to fire.
   rC++:      It greatly protects you from cold.
   SInv:      It lets you see invisible.
 F - the +0 leather armour "Ufoudyl" (worn) {rF+ rC++ Str+3 Stlth+}
   (You found it on level 7 of the Dungeon)

   Str+3:     It affects your strength (+3).
   rF+:       It protects you from fire.
   rC++:      It greatly protects you from cold.
   Stlth+:    It makes you more stealthy.
 N - the +0 hat of Light (worn) {rElec}
   (Okawaru gifted it to you on level 3 of the Lair of Beasts)

   rElec:     It insulates you from electricity.
Jewellery
 s - a +4 ring of protection (left hand)
 H - a ring of protection from cold
 J - a ring of wizardry (right hand)
 Q - the amulet "Fiynk" (around neck) {Reflect Int+4 SH+5}
   (You found it in a Gauntlet)

   [amulet of reflection]

   Reflect:   It reflects blocked missile attacks.
   Int+4:     It affects your intelligence (+4).
   SH+5:      It affects your SH (+5).
 U - a ring of wizardry
Wands
 g - a wand of digging (3)
 z - a wand of iceblast (14)
 M - a wand of mindburst (11)
Scrolls
 c - 4 scrolls of fog
 d - 4 scrolls of revelation
 h - 2 scrolls of silence
 k - a scroll of teleportation
 m - 5 scrolls of immolation
 p - a scroll of noise
 K - 2 scrolls of vulnerability
 L - 3 scrolls of identify
 P - a scroll of brand weapon {unknown}
 S - a scroll of enchant armour
 V - a scroll of poison {unknown}
Potions
 f - 3 potions of haste
 i - 7 potions of might
 j - a potion of mutation
 l - 5 potions of curing {unknown}
 n - 2 potions of enlightenment {unknown}
 o - 2 potions of degeneration {unknown}
 q - 2 potions of magic {unknown}
 r - 2 potions of heal wounds {unknown}
 w - 3 potions of lignification
 x - a potion of ambrosia {unknown}
 E - a potion of berserk rage
 I - 3 potions of brilliance {unknown}
 R - a potion of invisibility {unknown}


   Skills:
 - Level 4.8 Fighting
 - Level 2.0 Long Blades
 * Level 15.6 Ranged Weapons
 + Level 11.1 Dodging
 - Level 4.3 Stealth
 + Level 5.7 Spellcasting
 + Level 5.7 Conjurations
 + Level 5.7 Hexes
   Level 0.0 Charms
 + Level 5.7 Summonings
 + Level 5.7 Necromancy
 + Level 5.7 Translocations
 + Level 5.7 Transmutations
 + Level 5.7 Fire Magic
 + Level 5.7 Ice Magic
 + Level 5.7 Air Magic
 + Level 5.7 Earth Magic
 + Level 5.7 Poison Magic
 - Level 9.6 Invocations


You knew the following spells:

 Your Spells              Type           Power      Damage    Failure   Level
a - Sandblast             Erth           48%        2d12      1%          1
b - Ensorcelled Hibernat  Hex/Ice        48%        N/A       1%          2
c - Call Imp              Summ           48%        N/A       1%          2
d - Vhi's Electric Charg  Tloc/Air       48%        N/A       6%          4
e - Brom's Barrelling Bo  Conj/Erth      24%        2d5       6%          4
f - Metabolic Englaciati  Hex/Ice        12%        N/A       17%         5
Your spell library was empty.

Dungeon Overview and Level Annotations

Branches:
Dungeon (12/15)            Temple (1/1) D:4            Lair (5/5) D:11
  Swamp (0/4) Lair:3       Spider (0/4) Lair:2          Orc (0/2) D:10
  IceCv (visited)         Gauntlet (visited)
  Slime: Lair:4-5

Altars:
Ashenzari
Cheibriados
Dithmenos
Elyvilon
Fedhas
Gozag
Hepliaklqana
Makhleb
Nemelex Xobeh
Okawaru
Qazlal
Ru
Trog
Uskayaw
Wu Jian
Xom
Yredelemnul
Zin

Shops:
D:1 *   D:10 *   D:11 (

Annotations:
D:5 1 runed translucent door, Crazy Yiuf
D:6 3 runed translucent doors, wpisznazwe's ghost, novice VSGl
D:7 1 runed translucent door, Tinttamiau's ghost, novice NaHu
D:8 4 runed translucent doors, hitsuchi's ghost, novice MeSh
Lair:3 1 runed translucent door, EuServersOMG's ghost, journeyman DsSh


Innate Abilities, Weirdness & Mutations

You are immune to sickness and miasma.
You are immune to poison.
Your flesh is very heat resistant. (rF++)
You are vulnerable to cold. (rC-)
You float through the air rather than walking.
You learn spells naturally, not from books.
Your magical power is your life essence.
You have superior vitality. (+4 MHP)


Message History

The blink frog misses you. The cane toad stings you!
The blink frog completely misses you.
The cane toad stings you but does no damage.
You hear a screech!
You take 15 damage, and have 75/90 hp.
Fire: O) +27 heavy crossbow "Sniper" {heavy, Acc+∞ SInv}
Press: ? - help, Q - select action, (/) - cycle Shift-Dir - straight line, f - cane toad
Aim: a cane toad (purple smoke, 100% to hit)
You shoot a bolt. The bolt hits the cane toad!!
The cane toad is heavily wounded.
The blink frog closely misses you. The cane toad stings you!
The blink frog blinks!
The dream sheep bites you. The cane toad misses you.
The dream sheep misses you. The cane toad stings you!
The blink frog completely misses you.
You take 30 damage, and have 45/90 hp.
MASSIVE DAMAGE!!
Fire: O) +27 heavy crossbow "Sniper" {heavy, Acc+∞ SInv}
Press: ? - help, Q - select action, (/) - cycle Shift-Dir - straight line, f - dream sheep, p - cane toad
Aim: a dream sheep (100% to hit)
You shoot a bolt. The bolt hits the dream sheep!!!
You kill the dream sheep!
Okawaru accepts your kill. The blink frog hits you.
The cane toad closely misses you. The blink frog hits you!
The cane toad completely misses you.
The blink frog blinks!
The cane toad stings you!
* * * LOW HITPOINT WARNING * * *
You take 25 damage, and have 20/90 hp.
MASSIVE DAMAGE!!
Fire: O) +27 heavy crossbow "Sniper" {heavy, Acc+∞ SInv}
Press: ? - help, Q - select action, (/) - cycle Shift-Dir - straight line, f - cane toad
Aim: a cane toad (heavily wounded, 100% to hit)
You shoot a bolt. The bolt hits the cane toad!
The cane toad is severely wounded.
The cane toad closely misses you. The cane toad misses you.
The blink frog blinks!
The cane toad stings you!!
* * * LOW HITPOINT WARNING * * *
You take 19 damage, and have 1/90 hp.
MASSIVE DAMAGE!!
Blink to where?
Press: ? - help, Dir - move target, p - cane toad
As you read the scroll of blinking, it crumbles to dust.
The blink frog hits you.
You die...

#####......## . ##P...##
. ##....# ) ##...## #
#...## § ##†..# ## .
####..†.# .. . ####
##.†...P.###.... .
##P.###@......#~~~#... .
#~.~....F......#~~.#.~ ~
#.~.~~.~.~~.~~..~~..~~ #.
##.##~~~#~~~#~~##~~~#~
...# #.~~~~~##~~##~~# ~~#
.....##~~~~~~~~.~~~~~~~
~~
........~~.~~##~P~#~~#~~
~
........§#~.~#~~~~.~~.~~P
F......†.##~~#~~..~~~#~~~


You could see a blink frog.

Vanquished Creatures
  A frost giant (IceCv)
  A minotaur (Gauntlet)
  Harold (D:11)
  2 hydras
  A merfolk avatar (Lair:5)
  A two-headed ogre (D:9)
  7 death yaks
  A thrashing horror (Gauntlet)
  4 skysharks
  A harpy (Lair:5)
  A manticore (Lair:5)
  An ugly thing (IceCv)
  6 elephants
  An ice statue (IceCv)
  5 black mambas
  A torpor snail (Lair:2)
  An unseen horror (D:11)
  11 cane toads
  2 ice devils (Lair:1)
  14 komodo dragons
  7 rime drakes
  5 polar bears
  2 trolls
  A snapping turtle (Lair:5)
  A hornet (D:9)
  3 dream sheep (Lair:5)
  22 blink frogs
  3 culicivoras (Lair:2)
  5 shadows
  A wraith (D:10)
  4 wyverns
  2 steam dragons
  28 yaks
  5 basilisks
  A vampire mosquito (D:11)
  An acid dragon (D:10)
  12 water moccasins
  4 orc warriors
  5 ice beasts (D:8)
  A sky beast (D:5)
  An ogre (D:6)
  4 black bears
  13 wolves
  3 small abominations (Gauntlet)
  6 kobold brigands
  11 bullfrogs
  3 scorpions
  3 wights (D:7)
  11 killer bees
  An electric eel (D:8)
  5 howler monkeys
  A wyvern simulacrum (D:8)
  3 hounds
  3 jellies
  A gnoll bouda (D:5)
  6 orc priests
  3 iguanas
  12 orc wizards
  8 gnolls
  3 adders
  A shadow imp (D:6)
  7 white imps
  2 howler monkey simulacra (D:8)
  3 ufetubi
  A worm (D:4)
  4 dart slugs
  35 orcs
  5 bats
  5 endoplasms
  6 giant cockroaches
  6 goblins
  4 hobgoblins
  3 jackals (D:5)
  29 kobolds
  9 ball pythons
  4 frilled lizards
  3 rats
404 creatures vanquished.

Notes
Turn   | Place    | Note
-------+----------+-------------------------------------------
     0 | D:5      | DocSulfur the Djinni Delver began the quest for the Orb.
     0 | D:5      | Reached XP level 1. HP: 20/20 MP: 0/0
    35 | D:5      | Reached XP level 2. HP: 10/25 MP: 0/0
    44 | D:5      | Noticed a black bear
   281 | D:4      | Found a shadowy altar of Dithmenos.
   378 | D:4      | Found a staircase to the Ecumenical Temple.
   415 | Temple   | Entered the Ecumenical Temple
   434 | Temple   | Became a worshipper of Warmaster Okawaru
   489 | D:2      | Found a faded altar of an unknown god.
   517 | D:2      | Reached XP level 3. HP: 30/30 MP: 0/0
   517 | D:2      | Learned a level 1 spell: Sandblast
   839 | D:1      | Found Apaus's General Store.
   868 | D:1      | Bought a scroll of identify for 20 gold pieces
  1046 | D:1      | Reached XP level 4. HP: 27/37 MP: 0/0
  1462 | D:2      | Identified the +3 dagger "Bati" {antimagic, Dex+2}
  1991 | D:3      | Reached skill level 1 in Spellcasting
  1991 | D:3      | Reached skill level 1 in Conjurations
  1991 | D:3      | Reached skill level 1 in Hexes
  1991 | D:3      | Reached skill level 1 in Summonings
  1991 | D:3      | Reached skill level 1 in Necromancy
  1991 | D:3      | Reached skill level 1 in Translocations
  1991 | D:3      | Reached skill level 1 in Transmutations
  1991 | D:3      | Reached skill level 1 in Fire Magic
  1991 | D:3      | Reached skill level 1 in Ice Magic
  1991 | D:3      | Reached skill level 1 in Air Magic
  1991 | D:3      | Reached skill level 1 in Earth Magic
  1991 | D:3      | Reached skill level 1 in Poison Magic
  1991 | D:3      | Reached XP level 5. HP: 36/41 MP: 0/0
  1991 | D:3      | Learned a level 2 spell: Ensorcelled Hibernation
  2044 | D:3      | Reached skill level 1 in Ranged Weapons
  2847 | D:4      | Reached * piety under Okawaru
  2848 | D:4      | Reached XP level 6. HP: 28/48 MP: 0/0
  3265 | D:4      | Reached skill level 2 in Ranged Weapons
  3544 | D:5      | Reached skill level 1 in Invocations
  3615 | D:5      | Reached XP level 7. HP: 45/53 MP: 0/0
  3615 | D:5      | Learned a level 2 spell: Call Imp
  4065 | D:5      | Reached skill level 3 in Ranged Weapons
  4505 | D:5      | Found the +7 staff of the Meek {protect, meekguard}
  4598 | D:5      | Found a runed translucent door.
  4599 | D:5      | Noticed Crazy Yiuf
  4720 | D:6      | Found a basalt altar of Yredelemnul.
  4737 | D:6      | Reached ** piety under Okawaru
  4745 | D:6      | Reached XP level 8. HP: 47/58 MP: 0/0
  4995 | D:5      | Reached skill level 4 in Ranged Weapons
  5595 | D:6      | Reached skill level 5 in Invocations
  5649 | D:6      | Reached XP level 9. HP: 48/64 MP: 0/0
  5649 | D:6      | Learned a level 4 spell: Vhi's Electric Charge
  6108 | D:6      | Found a runed translucent gate.
  6108 | D:6      | Found a runed translucent gate.
  6108 | D:6      | Found a runed translucent gate.
  6109 | D:6      | Noticed wpisznazwe's ghost (novice VSGl)
  6112 | D:6      | Noticed a kobold demonologist
  6337 | D:1      | Bought a +3 arbalest of flaming for 251 gold pieces
  6561 | D:7      | Reached skill level 5 in Ranged Weapons
  6732 | D:7      | Reached *** piety under Okawaru
  6776 | D:7      | Found a runed translucent door.
  6776 | D:7      | Found a shimmering altar of Xom.
  6776 | D:7      | Noticed Tinttamiau's ghost (novice NaHu)
  6872 | D:7      | Noticed a +0 falchion of chaos
  6918 | D:7      | Reached skill level 6 in Ranged Weapons
  7003 | D:7      | Identified the +0 leather armour "Ufoudyl" {rF+ rC++ Str+3
                  | Stlth+}
  7032 | D:7      | Found a glowing silver altar of Zin.
  7346 | D:8      | Found a runed translucent gate.
  7347 | D:8      | Found a runed translucent gate.
  7347 | D:8      | Noticed a nine-headed hydra
  7351 | D:8      | Found a runed translucent gate.
  7351 | D:8      | Noticed a nine-headed hydra
  7351 | D:8      | Noticed hitsuchi's ghost (novice MeSh)
  7526 | D:8      | Reached skill level 7 in Ranged Weapons
  7691 | D:8      | Reached XP level 10. HP: 63/69 MP: 0/0
  7711 | D:8      | Found a runed translucent door.
  8014 | D:8      | Reached **** piety under Okawaru
  8113 | D:8      | Reached skill level 8 in Ranged Weapons
  8200 | D:8      | Found a blossoming altar of Fedhas.
  8518 | D:8      | Noticed a cyclops
  8520 | D:8      | Noticed a deep elf pyromancer
  8925 | D:9      | Noticed a cyclops
  9154 | D:9      | Reached skill level 9 in Ranged Weapons
  9162 | D:9      | Noticed a two-headed ogre
  9164 | D:9      | Killed a two-headed ogre
  9164 | D:9      | Reached ***** piety under Okawaru
  9166 | D:9      | Noticed a centaur warrior
  9166 | D:9      | Noticed a cane toad
  9173 | D:10     | Entered Level 10 of the Dungeon
  9229 | D:10     | Reached XP level 11. HP: 74/74 MP: 0/0
  9229 | D:10     | Learned a level 4 spell: Brom's Barrelling Boulder
  9717 | D:10     | Reached skill level 10 in Ranged Weapons
  9723 | D:10     | Received a gift from Okawaru
  9738 | D:10     | HP: 1/74 [wyvern (15)]
 10186 | D:10     | Found a staircase to the Orcish Mines.
 10222 | D:10     | Found Ciut's Neck Hole.
 10722 | D:10     | Found a bloodstained altar of Trog.
 10746 | D:10     | Found a shimmering altar of Xom.
 10877 | D:11     | Found Akkamar's Weapon Emporium.
 11166 | D:11     | Received a gift from Okawaru
 11167 | D:11     | Found a staircase to the Lair.
 11274 | D:11     | Reached skill level 11 in Ranged Weapons
 12033 | D:11     | Noticed Harold
 12042 | D:11     | Killed Harold
 12223 | Lair:1   | Entered Level 1 of the Lair of Beasts
 12244 | Lair:1   | Reached XP level 12. HP: 53/80 MP: 0/0
 12540 | Lair:1   | Reached skill level 5 in Dodging
 12621 | Lair:1   | Reached skill level 12 in Ranged Weapons
 12635 | Lair:1   | Found a frozen archway.
 12644 | IceCv    | Entered an ice cave
 12800 | IceCv    | Noticed a death yak
 12800 | IceCv    | Noticed a death yak
 12816 | IceCv    | Killed a death yak
 12823 | IceCv    | Killed a death yak
 12838 | IceCv    | Received a gift from Okawaru
 12930 | IceCv    | Noticed a death yak
 12941 | IceCv    | Killed a death yak
 12944 | IceCv    | Noticed a death yak
 12949 | IceCv    | Noticed a death yak
 12969 | IceCv    | Reached skill level 13 in Ranged Weapons
 12970 | IceCv    | Killed a death yak
 12983 | IceCv    | Killed a death yak
 12984 | IceCv    | Reached XP level 13. HP: 23/85 MP: 0/0
 12984 | IceCv    | Learned a level 5 spell: Metabolic Englaciation
 13242 | IceCv    | Noticed a frost giant
 13766 | IceCv    | Killed a frost giant
 13783 | IceCv    | Identified the +0 ice dragon scales of Jujemyibigh {rF-
                  | rC++ Dex+3 SInv}
 14538 | Lair:2   | Reached skill level 14 in Ranged Weapons
 14706 | Lair:2   | Noticed a four-headed hydra
 14710 | Lair:2   | Killed a four-headed hydra
 14710 | Lair:2   | Received a gift from Okawaru
 15445 | Lair:2   | Found a hole to the Spider Nest.
 15763 | Lair:3   | Found a staircase to the Swamp.
 15788 | Lair:3   | Found a runed translucent door.
 15793 | Lair:3   | Noticed EuServersOMG's ghost (journeyman DsSh)
 15805 | Lair:3   | Reached ****** piety under Okawaru
 15814 | Lair:3   | Received a gift from Okawaru
 15818 | Lair:3   | Acquired the +0 hat of Light {rElec}
 15818 | Lair:3   | Received a gift from Okawaru
 15829 | Lair:3   | Acquired the +27 heavy crossbow "Sniper" {heavy, Acc+∞
                  | SInv}
 15829 | Lair:3   | Received a gift from Okawaru
 15829 | Lair:3   | Found the +27 heavy crossbow "Sniper" {heavy, Acc+∞ SInv}
 15964 | Lair:3   | Reached XP level 14. HP: 90/90 MP: 0/0
 16134 | Lair:3   | Reached skill level 10 in Dodging
 16717 | Lair:4   | Found a gate leading to a gauntlet.
 16727 | Gauntlet | Entered a Gauntlet
 16727 | Gauntlet | Found a transporter.
 16740 | Gauntlet | Found a transporter.
 16740 | Gauntlet | Found a transporter.
 16747 | Gauntlet | Found a transporter.
 16762 | Gauntlet | Found a transporter.
 16764 | Gauntlet | Noticed a dire elephant
 16767 | Gauntlet | Found a transporter.
 16768 | Gauntlet | Noticed a cacodemon
 16782 | Gauntlet | Found a transporter.
 16801 | Gauntlet | Found a transporter.
 16813 | Gauntlet | Found a transporter.
 16825 | Gauntlet | Found a transporter.
 16837 | Gauntlet | Found a transporter.
 16849 | Gauntlet | Found a transporter.
 16866 | Gauntlet | Found a transporter.
 16884 | Gauntlet | Found a transporter.
 16886 | Gauntlet | Found a transporter.
 16913 | Gauntlet | Found a transporter.
 16991 | Gauntlet | Found a transporter.
 17096 | Gauntlet | Found a transporter.
 17196 | Gauntlet | Received a gift from Okawaru
 17198 | Gauntlet | Reached skill level 15 in Ranged Weapons
 17204 | Gauntlet | Identified the amulet "Fiynk" {Reflect Int+4 SH+5}
 17224 | Gauntlet | Identified the +5 scale mail of the Secret Ears {*Corrode
                  | rElec Will- Str+9}
 17224 | Gauntlet | Noticed a minotaur
 17231 | Gauntlet | Killed a minotaur
 17232 | Gauntlet | Reached skill level 5 in Spellcasting
 17232 | Gauntlet | Reached skill level 5 in Conjurations
 17232 | Gauntlet | Reached skill level 5 in Hexes
 17232 | Gauntlet | Reached skill level 5 in Summonings
 17232 | Gauntlet | Reached skill level 5 in Necromancy
 17232 | Gauntlet | Reached skill level 5 in Translocations
 17232 | Gauntlet | Reached skill level 5 in Transmutations
 17232 | Gauntlet | Reached skill level 5 in Fire Magic
 17232 | Gauntlet | Reached skill level 5 in Ice Magic
 17232 | Gauntlet | Reached skill level 5 in Air Magic
 17232 | Gauntlet | Reached skill level 5 in Earth Magic
 17232 | Gauntlet | Reached skill level 5 in Poison Magic
 17652 | Lair:5   | Entered Level 5 of the Lair of Beasts
 17841 | Lair:5   | Received a gift from Okawaru
 18156 | Lair:5   | HP: 1/90 [cane toad (20)]
 18157 | Lair:5   | Slain by a blink frog

Illustrated notes

Levels and vault maps discovered:
D:1:      nzn_arrival_water_spiral, layout_loops_ring, serial_shops, shop,
          hangedman_decor_clover_reticule
D:2:      layout_loops_ring, hellmonk_ecumenical_altar_blasted, minmay_bisected
D:3:      layout_basic, kennysheep_generic_room_7
D:4:      layout_loops_corners, mainiacjoe_overflow_concentric_impassable,
          minmay_temple_entry_antechambers
D:5:      layout_rooms, pf_guarded_unrand_meek, uniq_crazy_yiuf_cottage
D:6:      layout_rooms, general_overflow_altar, gammafunk_ghost_nasty_kobolds,
          grunt_decor_mini_mirrors, serial_bayou_pond_e
D:7:      layout_rooms, zin_statuary, ebering_ghost_xom
D:8:      layout_basic, fedhas_altar_4, tgw_sif, serial_ice, serial_ice_c,
          serial_ice_b, serial_ice_j, serial_ice_o, gammafunk_ghost_hydra_chop,
          wad_hexagon
D:9:      hangedman_cross_cluster, layout_cross, tso_altar
D:10:     layout_roguey, mainiacjoe_overflow_two_lobes, orc_0_dummy,
          grunt_ministairs_6, nicolae_shop_sticking_my_neck_out
D:11:     layout_basic, due_lair_maze_entry_diamond, serial_shops,
          nicolae_shop_advertising_works [nicolae_subvault_shop_adworks],
          uniq_harold
D:12:     layout_basic, ebering_ghost_gozag
Temple:   nicolae_temple_superstar
Lair:1:   layout_roguey, portal_ice_cave_demonic_guard,
          infiniplex_staircase_pool
Lair:2:   layout_roguey, hellmonk_spider_entry_life_and_decay,
          pdpol_lair_neglected_garden, serial_bayou_shore_b
Lair:3:   layout_small_grid, swamp_mist_pool, ebering_ghost_inner_flame,
          grunt_megastairs_5
Lair:4:   layout_hall_layers, gauntlet_entry_generic, ldierk_geyser
Lair:5:   gammafunk_lair_ancient_temple, layout_cave_pods, slime_entry_1

Skill      XL: |  1  2  3  4  5  6  7  8  9 10 11 12 13 14 |
---------------+-------------------------------------------+-----
Long Blades    | 2 |  2.0
Fighting       | 4 |  4.8
Spellcasting   | 1 2 3 4 5 |  5.7
Conjurations   | 1 2 3 4 5 |  5.7
Hexes          | 1 2 3 4 5 |  5.7
Summonings     | 1 2 3 4 5 |  5.7
Necromancy     | 1 2 3 4 5 |  5.7
Translocations | 1 2 3 4 5 |  5.7
Transmutations | 1 2 3 4 5 |  5.7
Fire Magic     | 1 2 3 4 5 |  5.7
Ice Magic      | 1 2 3 4 5 |  5.7
Air Magic      | 1 2 3 4 5 |  5.7
Earth Magic    | 1 2 3 4 5 |  5.7
Poison Magic   | 1 2 3 4 5 |  5.7
Ranged Weapons | 1 2 3 4 7 9 11 13 14 15 | 15.6
Invocations    | 1 3 5 6 8 9 |  9.6
Dodging        | 4 7 9 11 | 11.1
Stealth        | |  4.3

Action                     |  1- 3 |  4- 6 |  7- 9 | 10-12 | 13-15 || total
---------------------------+-------+-------+-------+-------+-------++-------
  Melee: Falchion          |    81 |   141 |    73 |       |       ||   295
         Dagger            |       |    17 |     1 |       |       ||    18
         Quarterstaff      |       |       |   103 |       |       ||   103
         Punch             |       |       |     2 |       |       ||     2
   Fire: Arbalest          |       |       |   104 |   466 |   188 ||   758
         Heavy crossbow    |       |       |       |       |   102 ||   102
  Throw: Javelin           |       |     8 |    11 |       |       ||    19
         Dart              |       |       |       |     7 |     3 ||    10
   Cast: Sandblast         |       |    18 |    13 |       |       ||    31
         Ensorcelled Hiber |       |     3 |     4 |       |       ||     7
 Invoke: Heroism           |       |       |     1 |     8 |     4 ||    13
         Finesse           |       |       |       |     1 |     2 ||     3
         Receive Weapon    |       |       |       |       |     1 ||     1
         Receive Armour    |       |       |       |       |     1 ||     1
  Evoke: Wand              |       |       |       |     3 |       ||     3
    Use: Scroll            |     1 |     1 |     1 |    13 |     4 ||    20
         Potion            |       |       |     1 |     1 |       ||     2
   Stab: Sleeping          |     5 |     8 |     1 |       |       ||    14
 Armour: Leather armour    |    48 |   133 |   214 |   242 |   133 ||   770
  Dodge: Dodged            |    49 |    98 |   205 |   166 |   166 ||   684
  Block: Other             |       |       |       |       |     6 ||     6

Table legend: (Time is in decaauts)
 A = Elapsed time spent in this place.
 B = Non-inter-level travel time spent in this place.
 C = Inter-level travel time spent in this place.
 D = Time resting spent in this place.
 E = Time spent auto-exploring this place.
 F = Levels seen in this place.
 G = Mean time per level.
                   A        B        C        D        E       F      G
               +--------+--------+--------+--------+--------+-----+--------+
         Total |  18697 |  17385 |   1312 |   2753 |   9196 |  20 |  934.8 |
       Dungeon |  12524 |  11297 |   1227 |   1833 |   6144 |  12 | 1043.7 |
        Temple |     29 |      5 |     24 |      0 |      0 |   1 |   29.0 |
          Lair |   4337 |   4276 |     61 |    346 |   2796 |   5 |  867.4 |
      Ice Cave |   1260 |   1260 |      0 |    547 |     18 |   1 | 1260.0 |
      Gauntlet |    544 |    544 |      0 |     26 |    238 |   1 |  544.0 |
               +--------+--------+--------+--------+--------+-----+--------+

Top non-repeatable levels by time:
    D:10: 1869 daAuts
     D:4: 1828 daAuts
     D:5: 1763 daAuts
     D:8: 1733 daAuts
    D:11: 1267 daAuts
   IceCv: 1260 daAuts
  Lair:2: 1167 daAuts
  Lair:1: 1074 daAuts
     D:6: 998 daAuts
  Lair:3: 984 daAuts
     D:1: 757 daAuts
     D:2: 717 daAuts
  Lair:5: 590 daAuts
     D:3: 580 daAuts
Gauntlet: 544 daAuts
